 Dungeon Crawl Stone Soup version 0.30.0-12-gd5a94ecb5d (webtiles) character file.

Game seed: 2714238957215667482

17 MacCMillion the Shooter (level 2, 15/15 HPs)
             Began as a Spriggan Hunter on May 17, 2023.
             Quit the game on level 2 of the Dungeon.
             The game lasted 00:00:57 (853 turns).

MacCMillion the Shooter (Spriggan Hunter)            Turns: 853, Time: 00:00:58

Health: 15/15      AC:  2    Str:  7    XL:     2   Next: 44%
Magic:  3/3        EV: 18    Int: 10    God:
Gold:   72         SH:  0    Dex: 18    Spells: 1/1 levels left

rFire   . . .        a - +0 shortbow
rCold   . . .        (shield currently unavailable)
rNeg    . . .        c - +0 robe
rPois   .            (helmet restricted)
rElec   .            (no cloak)
rCorr   .            (gloves unavailable)
SInv    +            (boots unavailable)
Will    .....        (no amulet)
Stlth   ++           (no ring)
HPRegen 0.22/turn    (no ring)
MPRegen 0.08/turn

%: no passive effects
@: very quick
A: very small, no large weapons, unfitting armour, see invisible, speed 3
a: no special abilities


You were on level 2 of the Dungeon.
You visited 1 branch of the dungeon, and saw 2 of its levels.

You collected 72 gold pieces.

Inventory:

Hand Weapons
 a - a +0 shortbow (weapon)
Armour
 c - a +0 robe (worn)
Jewellery
 g - a ring of flight
 i - a ring of protection from cold
 n - a +6 ring of intelligence
Scrolls
 b - a scroll of immolation
 f - a scroll of fear {unknown}
 m - a scroll of teleportation {unknown}
 o - a scroll of fog {unknown}
Potions
 d - a potion of invisibility {unknown}
 e - a potion of might {unknown}
 h - a potion of curing {unknown}
 j - a potion of cancellation {unknown}
 k - a potion of haste {unknown}
 l - a potion of lignification {unknown}


   Skills:
 + Level 1.9 Fighting
 + Level 4.1 Ranged Weapons
 + Level 3.1 Dodging
 + Level 2.3 Stealth


You had one spell level left.
You didn't know any spells.
Your spell library contained the following spells:

 Spells                   Type           Power      Damage    Failure   Level
 Freeze                   Ice            0%         1d3       36%         1
 Frozen Ramparts          Ice            0%         1d1       75%         3
 Hailstorm                Conj/Ice       0%         3d3       75%         3


Dungeon Overview and Level Annotations

Branches:
Dungeon (2/15)

Altars:


Innate Abilities, Weirdness & Mutations

You are very small and have problems with some larger weapons.
You are too small for most types of armour.
You have supernaturally acute eyesight. (SInv)
You cover ground extremely quickly. (Speed+++)


Message History

The arrow hits the hobgoblin but does no damage.
The hobgoblin shouts!
You shoot an arrow. The arrow hits the hobgoblin.
You kill the hobgoblin!
No target in view!
No target in view!
You pick up a book of Frost and begin reading...
You add the spells Freeze, Frozen Ramparts and Hailstorm to your library.
m - a scroll labelled ONAWIQ QIAXATUOMM A goblin comes into view.
It is wielding a +0 club.
A goblin is nearby!
You shoot an arrow. The arrow hits the goblin!
You kill the goblin!
No target in view!
No target in view!
Found a stone staircase leading down.
There is a stone staircase leading down here.
You see here a +0 club.
Key pressed, stopping explore.
n - a +6 ring of intelligence No target in view!
No target in view!
Okay, then.
Done exploring.
Done exploring.
Unknown command.
Done exploring.
Done exploring.
Done exploring.
There is a stone staircase leading down here.
You climb downwards.
Found a scroll labelled KENEOC LAESA.
Found a stone staircase leading down.
There is a stone staircase leading up here.
o - a scroll labelled KENEOC LAESA A giant cockroach comes into view.
Found a stone staircase leading up.
A giant cockroach is nearby!
You shoot an arrow. The arrow hits the giant cockroach!
You kill the giant cockroach!
Are you sure you want to abandon this character and quit the game? (Confirm with "yes".)

.... #. ......#. ....
........... #..#
#.##.....# #..#
#.##....# #..#
#.##....# #..#
#.##....# #..#
#.##....##.#
..#.##.<####...@.......
.......................
.......................
...................#...
#.#.##..###............
# #. #..# #...#...##...
. ....# #.>.#...# <.. 8
..8.## #...#...# †.
#... #...# ..#


There were no monsters in sight!

Vanquished Creatures
  A dart slug (D:1)
  An endoplasm (D:1)
  3 giant cockroaches
  A goblin (D:1)
  A hobgoblin (D:1)
  A bat (D:1)
  3 kobolds (D:1)
  4 rats (D:1)
15 creatures vanquished.

Notes
Turn   | Place    | Note
-------+----------+-------------------------------------------
     0 | D:1      | MacCMillion the Spriggan Hunter began the quest for the
                  | Orb.
     0 | D:1      | Reached XP level 1. HP: 10/10 MP: 2/2
   239 | D:1      | Reached XP level 2. HP: 15/15 MP: 3/3
   853 | D:2      | Quit the game

Illustrated notes

Levels and vault maps discovered:
D:1:      sevenhm_arrival_forest_fort_small_4, layout_basic,
          chequers_serial_rivers_micro_e, minmay_pentomino_s4
D:2:      minmay_thinvault, layout_basic, chequers_ecumenical_altar_island,
          minmay_misc_feat_four_crosses, solitary_fountain

Skill      XL: |  1  2 |
---------------+-------+-----
Stealth        | 2 |  2.3
Dodging        | 3 |  3.1
Fighting       | |  1.9
Ranged Weapons | |  4.1

Action                     || total
---------------------------++-------
   Fire: Shortbow          ||    29
 Armour: Robe              ||     1
  Dodge: Dodged            ||    10
